 Dungeon Crawl Stone Soup version 0.24-a0-618-ge4662a2 (console) character file.

Game seed: 4628170152880314066, levelgen mode: deterministic

483 vegansnacktivist the Changer (level 6, -10/43 HPs)
             Began as a Demonspawn Transmuter on Sept 15, 2019.
             Killed by divine providence
             ... invoked by an orc priest
              (11 damage)
             ... on level 3 of the Dungeon.
             The game lasted 00:04:29 (4332 turns).

vegansnacktivist the Changer (DsTm)                 Turns: 4332, Time: 00:04:30

Health: -10/43     AC:  2    Str: 13    XL:     6   Next: 87%
Magic:  0/9        EV: 19    Int: 14    God:
Gold:   150        SH:  0    Dex: 18    Spells: 3/9 levels left

rFire    . . .     SeeInvis .     - Unarmed
rCold    . . .     Gourm    .   (shield currently unavailable)
rNeg     . . .     Faith    .   (armour currently unavailable)
rPois    x         Spirit   +   (helmet currently unavailable)
rElec    .         Reflect  .   (cloak currently unavailable)
rCorr    .         Harm     .   (gloves currently unavailable)
MR       .....                  (boots currently unavailable)
Stlth    ++++......             (no amulet)
HPRegen  0.14/turn              (no ring)
MPRegen  0.11/turn              (no ring)

@: spider-form (expiring)
A: tiny, nightstalker 2, magic shield
a: End Transformation


You were on level 3 of the Dungeon.
You were not hungry.
You were a venomous arachnid creature.
You visited 1 branch of the dungeon, and saw 3 of its levels.

You collected 150 gold pieces.

Inventory:

Missiles
 a - 72 arrows
Armour
 b - a +0 robe (melded)
Jewellery
 h - a +3 ring of slaying {unknown}
 i - an uncursed ring of ice
Scrolls
 f - a scroll of identify {unknown}
 g - 3 scrolls of teleportation {unknown}
Potions
 c - 3 potions of lignification {unknown}
 e - 3 potions of curing {unknown}
 j - a potion of invisibility {unknown}
 k - 2 potions of brilliance {unknown}
 m - a potion of berserk rage {unknown}
Comestibles
 d - 5 rations
 l - a chunk of flesh


   Skills:
 - Level 1.0 Fighting
 - Level 1.7 Dodging
 - Level 4.8 Unarmed Combat
 + Level 2.4 Spellcasting
 - Level 5.2 Transmutations


You had 3 spell levels left.
You knew the following spells:

 Your Spells              Type           Power        Failure   Level  Hunger
a - Beastly Appendage     Tmut           ###...       10%         1    #......
b - Sticks to Snakes      Tmut           ###.....     13%         2    ###....
c - Spider Form           Tmut/Pois      #.........   43%         3    ###....

Your spell library contained the following spells:

 Spells                   Type           Power        Failure   Level  Hunger
 Ice Form                 Ice/Tmut       #.......     78%         4    #####..
 Blade Hands              Tmut           ###.......   78%         5    ######.


Dungeon Overview and Level Annotations

Branches:
Dungeon (3/15)

Altars:
Vehumet
Wu Jian
Xom


Innate Abilities, Weirdness & Mutations

((You have sharp fingernails.))
You are significantly more attuned to the shadows.
When hurt, damage is shared between your health and your magic reserves.


Message History

You barely miss the orc. The orc priest barely misses you.
The orc closely misses you.
You hit the orc priest.
The orc priest is moderately wounded.
The orc priest mumbles some strange prayers to Beogh against you.
Beogh smites you!
* * * LOW HITPOINT WARNING * * *
The orc closely misses you.
You hit the orc priest but do no damage.
The orc priest looks as sick as possible!
The orc priest is moderately wounded.
Your transformation is almost over.
The orc priest completely misses you.
You hit the orc priest.
The orc priest looks as sick as possible!
The orc priest is severely wounded.
The orc closely misses you.
The orc priest mumbles some strange prayers to Beogh against you.
Beogh smites you!
You die...

##...........#
##....#.#.#.#
##'#.......# ####
#.######### ... #.#
#...... #.#
##.###...... #.##.####
##.......#### #...))oo#
#.....#..#$?$
####.##s##
##...##..#)!!
...#...#####.###..#)$$
#####.#............####
#...#####.###......
##### ###รท.........
##########
#...#########
#........# #.#..###
#.######.# #......# #.#
#.# #..###.#


You could see an orc priest and an orc.

Vanquished Creatures
  Sigmund (D:3)
  A black bear (D:3)
  2 orc priests (D:3)
  An iguana (D:2)
  5 adders
  4 gnolls
  An ooze (D:3)
  3 worms
  A dart slug (D:3)
  A leopard gecko (D:2)
  6 orcs (D:3)
  5 bats
  A giant cockroach (D:2)
  4 goblins
  9 hobgoblins
  6 kobolds
  2 quokkas (D:3)
  4 frilled lizards
  8 rats
65 creatures vanquished.

Notes
Turn   | Place    | Note
-------+----------+-------------------------------------------
     0 | D:1      | vegansnacktivist the Demonspawn Transmuter began the quest
                  | for the Orb.
     0 | D:1      | Reached XP level 1. HP: 15/15 MP: 3/3
   748 | D:1      | Gained mutation: You have sharp fingernails. [demonic
                  | ancestry]
   748 | D:1      | Reached XP level 2. HP: 11/21 MP: 3/5
  1409 | D:2      | Found a radiant altar of Vehumet.
  1733 | D:2      | Reached XP level 3. HP: 7/26 MP: 4/6
  1991 | D:1      | Learned a level 2 spell: Sticks to Snakes
  1995 | D:1      | Learned a level 3 spell: Spider Form
  2144 | D:2      | Found an ornate altar of the Wu Jian Council.
  2352 | D:2      | Gained mutation: When hurt, damage is shared between your
                  | health and your magic reserves. [demonic ancestry]
  2352 | D:2      | Reached XP level 4. HP: 24/32 MP: 7/7
  2545 | D:2      | Found a glowing silver altar of Zin.
  2547 | D:2      | Found a shimmering altar of Xom.
  2547 | D:2      | Found a white marble altar of Elyvilon.
  2549 | D:2      | Found a white marble altar of Elyvilon.
  2549 | D:2      | Found a shadowy altar of Dithmenos.
  2549 | D:2      | Found a glowing silver altar of Zin.
  2739 | D:3      | Noticed Sigmund
  3094 | D:2      | Reached skill level 2 in Transmutations
  3328 | D:3      | Gained mutation: You are slightly more attuned to the
                  | shadows. [demonic ancestry]
  3328 | D:3      | Reached XP level 5. HP: 36/37 MP: 5/8
  3391 | D:3      | Reached skill level 3 in Transmutations
  3662 | D:3      | Noticed a black bear
  3673 | D:3      | Killed a black bear
  3673 | D:3      | Reached skill level 4 in Transmutations
  3673 | D:3      | Gained mutation: You are significantly more attuned to the
                  | shadows. [demonic ancestry]
  3673 | D:3      | Reached XP level 6. HP: 15/43 MP: 1/9
  3994 | D:3      | Killed Sigmund
  3994 | D:3      | Reached skill level 5 in Transmutations
  4330 | D:3      | HP: 1/43 [orc priest/divine providence (10)]
  4332 | D:3      | Killed from afar by an orc priest

Levels and vault maps discovered:
D:1:      dpeg_arrival_castle, layout_basic
D:2:      layout_loops_ring, old_standard_altar, vehumet_crystals,
          grunt_decor_one_mirror, doesnt_xom_only_xom
D:3:      layout_loops_corners, first_ration, serial_glass, glass_columns_c,
          glass_columns_b, due_unseen_surprise, feat_on_display,
          minmay_strange_pillars, item_on_display_a, uniq_sigmund

Skill      XL: |  1  2  3  4  5  6 |
---------------+-------------------+-----
Unarmed Combat | 3 4 |  4.8
Transmutations | 2 4 5 |  5.2
Fighting       | |  1.0
Dodging        | |  1.7
Spellcasting   | |  2.4

Action                   |  1- 3 |  4- 6 || total
-------------------------+-------+-------++-------
Melee: Unarmed           |    97 |   112 ||   209
       Punch             |     3 |     2 ||     5
       Headbutt          |     1 |       ||     1
       Kick              |     1 |     1 ||     2
 Cast: Beastly Appendage |     5 |     3 ||     8
       Spider Form       |     1 |     6 ||     7
 Stab: Sleeping          |     2 |     3 ||     5
  Eat: Chunk             |     4 |     5 ||     9
       Ration            |       |     1 ||     1
Armor: Robe              |    13 |     8 ||    21
       Skin              |       |     2 ||     2
Dodge: Dodged            |    63 |    89 ||   152

Table legend:
 A = Non-vault XP
 B = Vault XP
 C = Vault XP percentage of total XP
 D = Non-vault monster count
 E = Vault monster count
 F = Vault count percentage of total count
                 A         B        C        D         E       F
            +---------+---------+-------+---------+---------+-------
      Total |     482 |     208 |  30.1 |      64 |       1 |   1.5
            +---------+---------+-------+---------+---------+-------
        D:1 |      14 |       0 |   0.0 |       7 |       0 |   0.0
        D:2 |     132 |       0 |   0.0 |      25 |       0 |   0.0
        D:3 |     336 |     208 |  38.2 |      32 |       1 |   3.0
            +---------+---------+-------+---------+---------+-------
